 Dungeon Crawl Stone Soup version 0.32-a0-292-g751ec8d2e7 (webtiles) character file.

Game seed: 7821476869070906206

1926658 Kenran the Unforgettable (level 27, 245/245 HPs)
             Began as a Mountain Dwarf Fighter on Feb 13, 2024.
             Was the Champion of Hepliaklqana.
             Escaped with the Orb
             ... and 3 runes on Feb 14, 2024!
             The game lasted 02:11:34 (54168 turns).

Kenran the Unforgettable (Mountain Dwarf Fighter)  Turns: 54168, Time: 02:11:35

Health: 245/245    AC: 56    Str: 36    XL:     27
Magic:  40/40      EV: 18    Int: 13    God:    Hepliaklqana [******]
Gold:   1602       SH: 20    Dex:  9    Spells: 23/26 levels left

rFire   + + +        a - +9 broad axe (elec)
rCold   + + .        U - +5 kite shield {rC+ rF+}
rNeg    + + +        s - +8 orange crystal plate armour {Archmagi, Int+3 Clar}
rPois   +            Z - +2 helmet "Xianass" {Regen+ Dex+2}
rElec   +            X - +2 cloak "Oruz" {rElec rF+ rN+ Str+4}
rCorr   .            c - +2 pair of gloves
SInv    .            K - +2 pair of boots of Tenacity {rPois rC+}
Will    ++...        L - amulet of regeneration Stlth
                     W - ring of the Hare {EV+10}
HPRegen 2.20/turn    J - ring "Agoanlib" {*Corrode rPois rN+++ Slay+6 Stlth-}
MPRegen 0.27/turn

%: corrode self (3%), clarity, archmagi
@: studying Translocations
A: reduced essence, runic magic, artefact enchanting, berserk 1, clumsy 1,
deterioration 1, fire resistance 1
0: Orb of Zot
}: 3/15 runes: decaying, serpentine, silver
a: Renounce Religion, Recall Ancestor, Ancestor Identity, Transference, Idealise


You escaped.
You worshipped Hepliaklqana.
Hepliaklqana was exalted by your worship.
You visited 11 branches of the dungeon, and saw 51 of its levels.
You visited 1 bazaar.
You also visited: Sewer, Ice Cave, Volcano and Wizlab.

You collected 8744 gold pieces.
You spent 7142 gold pieces at shops.

Inventory:

Hand Weapons
 a - a +9 broad axe of electrocution (weapon)
 b - a +4 broad axe of freezing
Missiles
 z - 9 throwing nets (quivered)
Armour
 c - a +2 pair of gloves (worn)
 s - the +8 orange crystal plate armour (worn) {Archmagi, Int+3 Clar}
   (You acquired it on level 6 of the Dungeon)

   Int+3:     It affects your intelligence (+3).
   Clar:      It protects you from confusion, rage, mesmerisation and fear.
 K - the +2 pair of boots of Tenacity (worn) {rPois rC+}
   (You found it on level 2 of the Vaults)

   rC+:       It protects you from cold.
   rPois:     It protects you from poison
 U - a +5 kite shield of resistance (worn)
 X - the +2 cloak "Oruz" (worn) {rElec rF+ rN+ Str+4}
   (You found it on level 3 of the Elven Halls)

   Str+4:     It affects your strength (+4).
   rF+:       It protects you from fire.
   rElec:     It insulates you from electricity.
   rN+:       It protects you from negative energy.
 Z - the +2 helmet "Xianass" (worn) {Regen+ Dex+2}
   (You found it on level 3 of the Realm of Zot)

   Dex+2:     It affects your dexterity (+2).
   Regen+:    It increases your rate of health regeneration.
Jewellery
 m - a +4 ring of slaying
 w - a ring of willpower
 I - a ring of see invisible
 J - the ring "Agoanlib" (right hand) {*Corrode rPois rN+++ Slay+6 Stlth-}
   (You acquired it on level 3 of the Lair of Beasts)

   [ring of poison resistance]

   Slay+6:    It affects your accuracy & damage with ranged weapons and melee
   (+6).
   rPois:     It protects you from poison rN+++: It renders you almost immune to
   negative energy.
   *Corrode:  It may corrode you when you take damage.
   Stlth-:    It makes you less stealthy.
 L - an amulet of regeneration (around neck)
 T - the ring of the Evening {Fly rPois Str+3}
   (You took it off a salamander on level 3 of the Depths)

   [ring of flight]

   Str+3:     It affects your strength (+3).
   rPois:     It protects you from poison Fly: It grants you flight.
 W - the ring of the Hare (left hand) {EV+10}
   (You bought it in a shop on level 3 of the Elven Halls)

   [ring of evasion]

   EV+10:     It affects your evasion (+10).
 Y - the ring "Mionoo Mite" {rCorr Str+6 Int+4}
   (You found it on level 3 of the Depths)

   [ring of strength]

   Str+6:     It affects your strength (+6).
   Int+4:     It affects your intelligence (+4).
   rCorr:     It protects you from acid and corrosion.
Wands
 r - a wand of polymorph (7)
 v - a wand of digging (16)
 x - a wand of roots (108)
 G - a wand of charming (36)
 M - a wand of acid (55)
 N - a wand of mindburst (24)
Scrolls
 g - a scroll of enchant armour
 i - 13 scrolls of teleportation
 n - 10 scrolls of fear
 t - 5 scrolls of blinking
 u - 6 scrolls of fog
 A - 5 scrolls of silence
 B - 12 scrolls of poison {!r}
 E - 6 scrolls of butterflies
 H - a scroll of brand weapon
 O - 9 scrolls of immolation {!r}
Potions
 d - 5 potions of might
 e - 8 potions of mutation {!q}
 f - 6 potions of haste
 h - 16 potions of heal wounds {@q2}
 j - 6 potions of resistance
 l - 9 potions of ambrosia
 p - 3 potions of invisibility
 q - 29 potions of curing {@q1}
 C - 9 potions of attraction {!q}
 F - 5 potions of lignification {!q}
 S - 3 potions of enlightenment
Miscellaneous
 y - a sack of spiders (inert)
 P - a tin of tremorstones (2/2)
 Q - a lightning rod (4/4)
 R - a phantom mirror (inert)
 V - a phial of floods


   Skills:
 O Level 27 Fighting
 - Level 18.0 Axes
 O Level 27 Armour
 * Level 23.0 Shields
 O Level 27 Invocations
 + Level 20.5 Evocations


You had 23 spell levels left.
You knew the following spells:

 Your Spells              Type           Power      Damage    Failure   Level
a - Apportation           Tloc           0%         N/A       43%         1
b - Blink                 Tloc           0%         N/A       56%         2

Your spell library contained the following spells:

 Spells                   Type           Power      Damage    Failure   Level
 Foxfire                  Conj/Fire      0%         2x1d4     43%         1
 Freeze                   Ice            0%         1d3       43%         1
 Kiss of Death            Conj/Necr      0%         2d5       43%         1
 Necrotise                Necr           0%         1d4       43%         1
 Slow                     Hex            0%         N/A       43%         1
 Sting                    Conj/Alch      0%         1d3       43%         1
 Summon Small Mammal      Summ           0%         N/A       43%         1
 Cigotuvi's Dreadful Rot  Necr/Alch/Air  0%         N/A       56%         2
 Ensorcelled Hibernation  Hex/Ice        0%         N/A       56%         2
 Jinxbite                 Hex            0%         N/A       56%         2
 Lesser Beckoning         Tloc           0%         N/A       56%         2
 Mercury Vapours          Alch/Air       0%         N/A       56%         2
 Momentum Strike          Conj/Tloc      0%         3d8       56%         2
 Scorch                   Fire           0%         2d5       56%         2
 Static Discharge         Conj/Air       0%         3-3/arc   56%         2
 Sublimation of Blood     Necr           0%         N/A       56%         2
 Call Canine Familiar     Summ           0%         N/A       80%         3
 Confusing Touch          Hex            0%         N/A       80%         3
 Dazzling Flash           Conj/Hex       0%         N/A       80%         3
 Frozen Ramparts          Ice            0%         1d1       80%         3
 Fugue of the Fallen      Necr           0%         N/A       80%         3
 Gell's Gravitas          Tloc           0%         N/A       80%         3
 Hailstorm                Conj/Ice       0%         3d5       80%         3
 Mephitic Cloud           Conj/Alch/Air  0%         N/A       80%         3
 Ozocubu's Armour         Ice            0%         N/A       80%         3
 Passwall                 Erth           0%         N/A       80%         3
 Sigil of Binding         Hex            0%         N/A       80%         3
 Stone Arrow              Conj/Erth      0%         3d7       80%         3
 Summon Ice Beast         Ice/Summ       0%         N/A       80%         3
 Swiftness                Air            0%         N/A       80%         3
 Teleport Other           Tloc           0%         N/A       80%         3
 Vampiric Draining        Necr           0%         2d6       80%         3
 Volatile Blastmotes      Fire/Tloc      0%         2d10      80%         3
 Airstrike                Air            0%         2d(0-16)  99%         4
 Anguish                  Hex/Necr       0%         N/A       99%         4
 Animate Armour           Summ/Erth      0%         N/A       99%         4
 Animate Dead             Necr           0%         N/A       99%         4
 Cause Fear               Hex            0%         N/A       99%         4
 Dimensional Bullseye     Hex/Tloc       0%         N/A       99%         4
 Dispel Undead            Necr           0%         3d6       99%         4
 Flame Wave               Conj/Fire      0%         2d4       99%         4
 Ignite Poison            Fire/Alch      0%         N/A       99%         4
 Iskenderun's Mystic Bla  Conj/Tloc      0%         2d3       99%         4
 Leda's Liquefaction      Alch/Erth      0%         N/A       99%         4
 Manifold Assault         Tloc           0%         N/A       99%         4
 Martyr's Knell           Necr/Summ      0%         N/A       99%         4
 Olgreb's Toxic Radiance  Alch           0%         N/A       99%         4
 Petrify                  Alch/Erth      0%         N/A       99%         4
 Sticky Flame             Fire/Alch      0%         2d4       99%         4
 Summon Lightning Spire   Summ/Air       0%         N/A       99%         4
 Vhi's Electric Charge    Tloc/Air       0%         N/A       99%         4
 Alistair's Intoxication  Alch           0%         N/A       100%        5
 Arcjolt                  Conj/Air       0%         1d10      100%        5
 Borgnjor's Vile Clutch   Necr/Erth      0%         N/A       100%        5
 Curse of Agony           Necr           0%         N/A       100%        5
 Fireball                 Conj/Fire      0%         3d3       100%        5
 Freezing Cloud           Conj/Ice/Air   0%         6-21      100%        5
 Irradiate                Conj/Alch      0%         3d11      100%        5
 Iskenderun's Battlesphe  Conj           0%         2d6       100%        5
 Lee's Rapid Deconstruct  Erth           0%         3d4*      100%        5
 Metabolic Englaciation   Hex/Ice        0%         N/A       100%        5
 Silence                  Hex/Air        0%         N/A       100%        5
 Summon Forest            Summ/Tloc      0%         N/A       100%        5
 Summon Mana Viper        Hex/Summ       0%         N/A       100%        5
 Bombard                  Conj/Erth      0%         9d1       100%        6
 Dispersal                Tloc           0%         N/A       100%        6
 Eringya's Noxious Bog    Alch           0%         4d6       100%        6
 Plasma Beam              Fire/Air       0%         2x1d10    100%        6
 Sculpt Simulacrum        Ice/Alch       0%         N/A       100%        6
 Starburst                Conj/Fire      0%         6d3       100%        6
 Summon Cactus Giant      Summ           0%         N/A       100%        6
 Haunt                    Necr/Summ      0%         N/A       100%        7
 Monstrous Menagerie      Summ           0%         N/A       100%        7
 Orb of Destruction       Conj           0%         9d5       100%        7
 Ozocubu's Refrigeration  Ice            0%         4d7       100%        7
 Spellforged Servitor     Conj/Summ      0%         N/A       100%        7
 Summon Hydra             Summ           0%         N/A       100%        7
 Borgnjor's Revivificati  Necr           0%         N/A       100%        8
 Ignition                 Fire           0%         3d3       100%        8
 Infestation              Necr           0%         N/A       100%        8
 Lehudib's Crystal Spear  Conj/Erth      0%         10d2      100%        8
 Chain Lightning          Conj/Air       0%         N/A       100%        9
 Dragon's Call            Summ           0%         N/A       100%        9
 Polar Vortex             Ice            0%         N/A       100%        9


Dungeon Overview and Level Annotations

Branches:
Dungeon (15/15)            Temple (1/1) D:4            Lair (5/5) D:9
  Swamp (4/4) Lair:3        Snake (4/4) Lair:2        Slime (0/5) Lair:5
    Orc (2/2) D:10            Elf (3/3) Orc:2        Vaults (5/5) D:14
  Crypt (3/3) Vaults:2       Tomb (0/3) Crypt:3      Depths (4/4) D:15
    Zot (5/5) Depths:4      Sewer (visited)           IceCv (visited)
Volcano (visited)          WizLab (visited)

Altars:
Ashenzari
Cheibriados
Dithmenos
Elyvilon
Fedhas
Gozag
Hepliaklqana
Kikubaaqudgha
Makhleb
Nemelex Xobeh
Okawaru
Qazlal
Ru
Sif Muna
Trog
Uskayaw
Vehumet
Wu Jian
Xom
Yredelemnul
Zin
The Shining One
Beogh
Jiyva

Shops:
D:4 *   D:8 *!   D:10 [   Orc:2 =[!=   Elf:1 !*?   Elf:2 =?*   Elf:3 =
Snake:1 (   Snake:2 =:=   Snake:3 ?   Vaults:2 [((   Depths:3 (   Depths:4 *

Portals:
Hell: Depths:1 Depths:2 Depths:3 Depths:4
Abyss: Depths:2 Depths:3 Depths:4
Pandemonium: Depths:2
Ziggurat: Depths:3
Trove: D:13 (give +4 demon blade)

Annotations:
D:5 1 runed translucent door, feta's ghost, novice BaIE
D:7 2 runed translucent doors, Ralffi009's ghost, novice DsGl
Orc:1 2 transporters, rigrig's ghost, journeyman HOMo
Crypt:2 1 runed translucent door, Uxkaico's ghost, veteran OnAl
Crypt:3 1 runed translucent door, Fysokimp's ghost, adept DgNe
Depths:1 exclusion: downstairs
Depths:3 2 transporters
Zot:2 1 transporter
Zot:3 1 runed translucent door, Doopoh's ghost, master OnFi
Zot:5 6 transporters, 1 runed translucent door, Ganeol's ghost, legendary MiBe


Innate Abilities, Weirdness & Mutations

Your life essence is reduced to manifest your ancestor. (-10% HP)
Your spellcasting is much less encumbered by armour.
You can use scrolls of enchantment on lesser artefacts.
You sometimes lose your temper in combat.
You are clumsy. (Dex -2)
Your body sometimes deteriorates upon taking damage.
Your flesh is heat resistant. (rF+)


Message History

You kill the Orb Guardian!
Your Shields skill increases to level 23!
No target in view!
Things that are here:
the felid skeleton of Natasha; a hobgoblin skeleton
There is a stone staircase leading up here.
You climb upwards.
There is a stone staircase leading down here.
You swap places.
You see here a bat skeleton.
You see here 6 stones.
There is a large open door here.
You see here a +0 scale mail.
A profane servitor comes into view. It is wielding a +1 whip.
There is a large open door here.
Leih gestures wildly while chanting.
Leih seems to speed up.
Leih gestures at the profane servitor while chanting.
The bolt of magma hits the profane servitor!!
You slash the profane servitor!
The profane servitor is moderately damaged.
The profane servitor hits you but does no damage. x2
Leih casts a spell at the profane servitor.
The crystal spear hits the profane servitor!!
You catch the helpless profane servitor completely off-guard!
You cut the profane servitor into ribbons!!!
The profane servitor is severely damaged.
You block the profane servitor's attack.
The profane servitor hits you but does no damage.
You slash the profane servitor!
The profane servitor is almost destroyed.
You block the profane servitor's attack.
The profane servitor barely misses you.
You open the profane servitor like a pillowcase!!!
You destroy the profane servitor!
No target in view!
You see here a +1 whip.
There is a large open door here.
There is a staircase leading out of the dungeon here.
You have escaped!

#.# #....##.# #.#
#....##.# #.#
#....##.# #.#
####....# #.# ###..#
#.# #..# #.# #..#
▓▓▓▓#.##########..#
▓.@▓▓......(...##..
▓▓▓'R▓▓▓########.##>.
▓......▓ #.##.#
▓.§§§≈)▓ #.##)#
▓.≈≈§§.▓ #.##.#
▓..§...▓ #.##.#
▓▓▓''▓▓▓ #.##.# ▓.[▓
#.##.#
##############▓''▓
#.##.#


You could see the friendly Leih the battlemage (fast).

Vanquished Creatures
  5 dread liches
  7 orbs of fire (Zot:5)
  A juggernaut (Depths:2)
  3 ancient liches
  A Killer Klown (Zot:5)
  Vashnia (Snake:2)
  8 caustic shrikes
  Margery (Vaults:3)
  2 curse toes
  8 golden dragons
  A profane servitor (D:1)
  4 electric golems
  A mutant beast (WizLab)
  13 tentacled monstrosities
  A pandemonium lord (Zot:4)
  2 liches
  Mlioglotl (Swamp:1)
  A deep elf master archer (Elf:3)
  14 Orb Guardians
  9 titans
  6 sphinxes
  A quicksilver dragon (Vaults:5)
  A walking divine tome (Depths:3)
  Gastronok (Orc:1)
  5 death cobs
  14 tengu reavers
  Kirke (Swamp:1)
  7 ancient champions
  Roxanne (Swamp:2)
  2 thorn hunters (Swamp:4)
  A fenstrider witch (Swamp:1)
  8 shadow dragons
  11 storm dragons
  2 protean progenitors
  3 revenants
  Donald (Swamp:1)
  A draconian monk (Zot:5)
  6 nagarajas
  2 draconian knights (Zot:3)
  8 fire giants
  Louise (Elf:2)
  4 deep elf sorcerers
  2 draconian shifters
  A draconian scorcher (Zot:4)
  2 iron dragons
  A reaper (Crypt:3)
  2 deep elf elementalists (Elf:3)
  11 vault wardens
  9 frost giants
  4 ghouls
  10 ironbound preservers
  2 curse skulls
  A draconian annihilator (Depths:4)
  An orc warlord (Vaults:2)
  9 stone giants
  A draconian stormcaller (Zot:5)
  5 spriggan defenders
  4 ironbound thunderhulks
  2 formless jellyfish (Vaults:4)
  5 green draconians
  3 eleionomae
  5 deep elf death magi
  13 very ugly things
  4 black draconians
  5 white draconians
  13 dire elephants
  7 deep elf demonologists (Elf:3)
  10 vampire knights
  6 purple draconians
  6 bunyips
  4 yellow draconians
  4 red draconians
  6 deep elf annihilators
  3 war gargoyles (Vaults:5)
  10 spark wasps
  3 eidola
  A minotaur (Depths:4)
  Snorg (Lair:4)
  6 ettins
  A quicksilver dragon zombie (Crypt:3)
  A merfolk javelineer (Depths:3)
  5 deep elf high priests
  A fire dragon (Depths:3)
  2 green deaths
  2 entropy weavers
  5 rakshasas
  7 yaktaur captains
  A hell beast (D:4)
  An entropy weaver (shapeshifter) (D:14)
  8 ice dragons
  Erolcha (D:9)
  29 vault guards
  2 great orbs of eyes
  4 hydras
  2 salamander tyrants
  5 spriggan air magi
  An ogre mage (Orc:2)
  A peacekeeper (Vaults:3)
  A spriggan skeleton (Crypt:3)
  11 ironbound frosthearts
  8 anacondas
  A two-headed ogre (shapeshifter) (Vaults:5)
  7 tengu warriors
  6 alligators
  6 deep troll shamans
  A centaur warrior (D:15)
  24 dancing weapons
  A catoblepas (Lair:1)
  A death knight (Crypt:1)
  6 two-headed ogres
  5 boulder beetles
  5 deep troll earth magi
  10 naga warriors
  An azure jelly zombie (Crypt:3)
  7 spriggan berserkers
  2 death yaks (Lair:5)
  5 occultists
  6 vampire magi
  5 orc high priests
  16 naga sharpshooters
  2 hell knights (Vaults:3)
  6 shock serpents
  A thrashing horror (Swamp:4)
  2 skysharks
  3 sun demons
  8 deep elf knights
  A spectral death yak (Lair:5)
  3 goliath frogs
  13 skeletal warriors
  6 salamander mystics
  8 flayed ghosts
  2 shadow wraiths (Crypt:3)
  A spectral anaconda (Lair:5)
  5 sea snakes
  A spriggan druid (Swamp:3)
  5 naga ritualists
  A mana viper (shapeshifter) (Depths:4)
  13 mana vipers
  4 arcanists
  An orange crystal statue (IceCv)
  A shadow demon (Zot:4)
  35 deep trolls
  3 swamp dragons
  7 lindwurms
  A glowing orange brain (D:14)
  A swamp dragon (shapeshifter) (WizLab)
  A golden dragon skeleton (Crypt:3)
  6 bog bodies
  Pikel (D:8)
  18 ironbound convokers
  7 phantasmal warriors
  4 necromancers
  5 deep elf archers
  14 deep elf zephyrmancers
  A bunyip skeleton (Crypt:3)
  10 harpies
  An obsidian statue (Lair:5)
  2 wolf spiders (Vaults:5)
  13 deep elf pyromancers
  A will-o-the-wisp (Swamp:3)
  12 orc knights
  3 orc sorcerers
  38 ugly things
  4 cyclopes
  12 salamanders
  A formless jellyfish zombie (Crypt:2)
  5 meliai
  13 moths of wrath
  A goliath frog skeleton (Crypt:1)
  7 elephants
  17 naga magi
  3 molten gargoyles (Volcano)
  13 vault sentinels
  6 kobold blastminers (Orc:2)
  5 guardian serpents
  25 black mambas
  5 cane toads
  7 large abominations
  3 orange demons (Swamp:4)
  6 rime drakes (IceCv)
  A grey draconian zombie (Crypt:1)
  A kobold demonologist (D:12)
  A catoblepas zombie (Crypt:2)
  2 tengu conjurers
  3 freezing wraiths
  5 komodo dragons
  18 yaktaurs
  A bunyip simulacrum (Crypt:3)
  A dire elephant skeleton (Lair:5)
  5 efreet
  Psyche (D:8)
  A guardian mummy (Crypt:3)
  A sea snake skeleton (Crypt:1)
  8 trolls
  A merfolk (shapeshifter) (Vaults:3)
  10 polar bears
  5 hornets
  5 tyrant leeches
  9 blink frogs
  A raiju (Swamp:1)
  3 glass eyes
  4 dream sheep
  An iron dragon simulacrum (Crypt:3)
  2 air elementals (Elf:1)
  14 slime creatures
  A spriggan (shapeshifter) (WizLab)
  2 vampires
  5 spriggans
  3 shadows
  5 wraiths
  A dire elephant simulacrum (Lair:5)
  19 yaks
  A wyvern (Lair:4)
  2 water elementals
  4 fire elementals
  4 fire bats
  6 basilisks
  3 hogs (Swamp:1)
  2 steam dragons
  A redback (Vaults:2)
  5 spectral cane toads (Lair:5)
  12 swamp worms
  11 vampire mosquitoes
  37 nagas
  An iron golem (WizLab)
  5 acid dragons
  14 water moccasins
  2 swamp drakes (Swamp:1)
  A merfolk skeleton (Crypt:2)
  A cane toad zombie (Crypt:3)
  27 orc warriors
  An ice beast (D:6)
  Pargi (Sewer)
  3 black bears
  2 elephant zombies (Lair:5)
  12 laughing skulls
  3 ogres
  2 boggarts
  7 centaurs
  A dream sheep skeleton (Crypt:3)
  A snapping turtle skeleton (Crypt:1)
  A lemure (D:8)
  A phantom (D:5)
  3 elephant skeletons (Lair:5)
  3 kobold brigands
  3 gnoll sergeants (D:10)
  2 brain worms (Sewer)
  20 bullfrogs
  2 necrophages (Crypt:1)
  A small abomination (WizLab)
  2 earth elementals (Volcano)
  5 scorpions
  3 wights (D:9)
  A troll skeleton (Crypt:3)
  5 killer bees (D:9)
  A yak skeleton (Crypt:2)
  2 howler monkeys
  6 electric eels
  A wolf zombie (Crypt:3)
  A bullfrog zombie (Crypt:3)
  22 orc priests
  4 jellies
  A bombardier beetle (D:4)
  6 hounds
  A black bear zombie (Crypt:1)
  3 iguanas
  2 gnoll boudas
  A sleepcap (D:4)
  Natasha (thrice) (D:2)
  15 orc wizards
  A crocodile skeleton (Crypt:3)
  6 mummies (Crypt:3)
  A deep dwarf skeleton (Crypt:1)
  15 gnolls
  11 adders
  An ufetubus (D:6)
  A ribbon worm (D:3)
  3 dart slugs
  81 orcs
  10 ball pythons
  4 endoplasms
  4 giant cockroaches
  17 goblins
  12 hobgoblins
  7 jackals
  6 quokkas
  12 bats
  7 frilled lizards
  20 kobolds
  A kobold skeleton (Crypt:1)
  A rat (D:3)
1625 creatures vanquished.

Vanquished Creatures (collateral kills)
  A dread lich (Crypt:3)
  Frederick (Crypt:2)
  An ancient lich (Crypt:3)
  2 orbs of fire
  Xtahua (Crypt:1)
  Boris (Elf:3)
  A pandemonium lord (Zot:4)
  Bai Suzhen (Vaults:3)
  the Lernaean hydra (Swamp:4)
  3 Killer Klowns
  Sojobo (Depths:3)
  5 caustic shrikes
  2 curse toes
  3 golden dragons
  A Brimstone Fiend (Depths:4)
  A bone dragon (Crypt:3)
  2 electric golems
  8 tentacled monstrosities
  A deep elf blademaster (Elf:2)
  12 Orb Guardians (Zot:5)
  4 titans
  2 liches
  A searing wretch (Vaults:3)
  A deep elf master archer (Elf:3)
  2 sphinxes (Vaults:5)
  3 death cobs
  An Executioner (Zot:4)
  An ancient champion (Crypt:3)
  5 shadow dragons
  5 tengu reavers
  2 draconian knights
  A fenstrider witch (Swamp:3)
  A fire giant (Vaults:5)
  8 storm dragons
  5 protean progenitors
  A daeva (Depths:4)
  A nagaraja (Snake:4)
  4 vault wardens
  2 deep elf sorcerers
  A draconian shifter (Zot:1)
  A ghost moth (Zot:3)
  2 frost giants (Depths:2)
  4 orc warlords
  2 balrugs
  A deep elf elementalist (Elf:3)
  A spriggan defender (Depths:2)
  8 ironbound preservers
  2 draconian stormcallers
  2 vampire knights
  5 very ugly things
  2 stone giants
  3 green draconians
  An ironbound thunderhulk (Vaults:3)
  2 black draconians
  2 eleionomae
  A purple draconian (Zot:2)
  2 white draconians
  A deep elf death mage (Vaults:3)
  A deep elf demonologist (Vaults:5)
  3 yellow draconians
  5 dire elephants
  2 war gargoyles (Vaults:3)
  A deep elf annihilator (Elf:3)
  3 red draconians
  A bunyip (Swamp:3)
  A minotaur (Zot:1)
  8 spark wasps
  A blizzard demon (Zot:4)
  5 eidola
  8 ettins
  2 green deaths
  4 yaktaur captains
  4 deep elf high priests (Elf:3)
  A fire dragon (Depths:3)
  2 great orbs of eyes (Depths:3)
  3 spriggan air magi
  2 ogre magi (Vaults:5)
  7 vault guards (Vaults:5)
  2 hydras
  5 ironbound frosthearts
  2 anacondas
  2 naga warriors (Snake:3)
  An ice dragon (Depths:4)
  6 alligators
  2 boulder beetles
  2 two-headed ogres (Orc:2)
  8 dancing weapons
  3 tengu warriors
  2 shock serpents (Snake:4)
  8 vampire magi
  6 deep troll earth magi
  6 naga sharpshooters
  2 deep troll shamans
  2 spriggan berserkers (Depths:2)
  4 deep elf knights
  An orc high priest (Orc:2)
  4 hell knights
  2 skysharks
  3 sun demons
  2 goliath frogs (Swamp:1)
  A shadow wraith (Crypt:3)
  2 iron trolls (Depths:2)
  2 salamander mystics
  9 skeletal warriors
  2 glowing orange brains
  2 flayed ghosts
  A mana viper (shapeshifter) (Vaults:5)
  2 spriggan druids (Swamp:3)
  2 sea snakes (Snake:3)
  5 naga ritualists
  A large abomination (WizLab)
  17 deep trolls
  6 swamp dragons (Swamp:4)
  6 lindwurms
  2 bog bodies
  4 ironbound convokers
  4 mana vipers
  2 arcanists
  5 orc knights
  3 harpies
  9 deep elf zephyrmancers
  A necromancer (Vaults:2)
  4 deep elf archers
  4 phantasmal warriors
  11 deep elf pyromancers
  2 cyclopes
  An oklob plant (Snake:4)
  11 ugly things
  An orc sorcerer (Elf:3)
  11 salamanders
  Maurice (D:8)
  A cyclops (shapeshifter) (Vaults:5)
  5 moths of wrath
  An elephant (shapeshifter) (Vaults:5)
  2 manticores
  A meliai (D:13)
  2 kobold blastminers
  A dire elephant zombie (Lair:5)
  7 elephants
  7 vault sentinels
  4 naga magi
  A rust devil (D:3)
  14 black mambas
  A gargoyle (D:10)
  A centaur skeleton (Crypt:3)
  A molten gargoyle (Volcano)
  Joseph (D:8)
  A cane toad (Lair:1)
  2 orange demons (Swamp:4)
  2 water nymphs (shapeshifter)
  An elephant slug zombie (Crypt:2)
  A rime drake (IceCv)
  3 unseen horrors
  A kobold demonologist (Elf:1)
  An unseen horror (shapeshifter) (D:14)
  3 komodo dragons
  10 yaktaurs
  An orb spider zombie (Crypt:2)
  A freezing wraith (Vaults:5)
  A red devil (Zot:4)
  A troll (D:11)
  6 hornets
  3 polar bears (IceCv)
  3 tyrant leeches
  8 blink frogs
  A glass eye (Depths:3)
  A dream sheep (Lair:5)
  7 slime creatures
  A jumping spider (Vaults:2)
  A shadow (Swamp:4)
  A water elemental (Elf:3)
  A spriggan (shapeshifter) (Vaults:2)
  9 yaks
  A ynoxinul (D:8)
  5 spriggans
  A wraith (Crypt:3)
  A fire elemental (Volcano)
  A basilisk (Lair:3)
  A warg (Orc:2)
  5 vampire mosquitoes
  16 nagas
  2 redbacks
  3 swamp worms
  An acid dragon (D:9)
  4 water moccasins
  11 orc warriors
  A water nymph skeleton (Crypt:2)
  A sky beast (D:6)
  5 small abominations (WizLab)
  7 laughing skulls
  2 ogres
  2 centaurs
  A torpor snail zombie (Crypt:2)
  A kobold brigand (D:9)
  5 bullfrogs
  A wyvern zombie (Crypt:3)
  3 gnoll sergeants
  3 earth elementals
  3 wights (D:9)
  A killer bee (D:9)
  2 howler monkeys
  2 electric eels
  7 orc priests
  A bombardier beetle (D:7)
  A human skeleton (Crypt:2)
  5 orc wizards
  6 mummies (Crypt:3)
  6 gnolls
  A steam dragon zombie (Crypt:3)
  A white imp (D:6)
  An ufetubus (D:6)
  19 orcs
  A jackal (D:10)
  6 kobolds
  A kobold skeleton (Crypt:2)
  An aspiring flesh (Zot:1)
685 creatures vanquished.

Vanquished Creatures (others)
  A fire giant (Vaults:3)
  A frost giant (IceCv)
  A vault warden (Vaults:5)
  A vampire knight (Depths:2)
  A fire dragon (Depths:3)
  2 bloated husks (Swamp:1)
  An air elemental (Elf:1)
  56 battlemagi
  A gnoll (D:8)
65 creatures vanquished.

Grand Total: 2375 creatures vanquished

Notes
Turn   | Place    | Note
-------+----------+-------------------------------------------
     0 | D:1      | Kenran the Mountain Dwarf Fighter began the quest for the
                  | Orb.
     0 | D:1      | Reached XP level 1. HP: 19/19 MP: 1/1
    63 | D:1      | You fall into a shaft and drop 1 floor!
   141 | D:2      | Reached XP level 2. HP: 26/26 MP: 2/2
   285 | D:1      | Reached XP level 3. HP: 31/31 MP: 3/3
   912 | D:2      | Reached skill level 5 in Axes
  1183 | D:2      | Reached XP level 4. HP: 35/38 MP: 4/4
  1280 | D:2      | Noticed Natasha
  1316 | D:2      | Killed Natasha
  1476 | D:2      | Noticed Natasha
  1482 | D:2      | Killed Natasha
  1483 | D:2      | Reached XP level 5. HP: 35/45 MP: 5/5
  1901 | D:2      | Noticed Natasha
  1906 | D:2      | Killed Natasha
  3127 | D:4      | Found a staircase to the Ecumenical Temple.
  3141 | D:4      | Reached XP level 6. HP: 51/51 MP: 6/6
  3147 | Temple   | Entered the Ecumenical Temple
  3169 | Temple   | Became a worshipper of Hepliaklqana the Forgotten
  3398 | D:4      | Found Noacso's Assorted Antiques.
  3405 | D:4      | Bought 2 scrolls labelled ZOEMES UTZAQIONT for 48 gold
                  | pieces
  3405 | D:4      | Bought a scroll of identify for 48 gold pieces
  3405 | D:4      | Bought a scroll labelled SIASA LOTUITZ for 24 gold pieces
  3405 | D:4      | Bought a fuming golden potion for 21 gold pieces
  3405 | D:4      | Bought a smoky inky potion for 21 gold pieces
  3880 | D:4      | Reached XP level 7. HP: 57/57 MP: 7/7
  3965 | D:4      | Reached skill level 10 in Axes
  4004 | D:5      | Entered Level 5 of the Dungeon
  4325 | D:5      | Reached XP level 8. HP: 39/63 MP: 8/8
  4487 | D:5      | Found a glowing drain.
  4504 | Sewer    | Entered a sewer
  4593 | Sewer    | Noticed Pargi
  4606 | Sewer    | Killed Pargi
  4808 | D:5      | Reached * piety under Hepliaklqana
  4986 | D:5      | Reached skill level 5 in Fighting
  5120 | D:5      | Found a runed translucent door.
  5122 | D:5      | Noticed feta's ghost (novice BaIE)
  5234 | D:6      | Reached skill level 5 in Armour
  5475 | D:6      | Identified a scroll of acquirement
  5476 | D:6      | Acquired the +8 orange crystal plate armour {Archmagi,
                  | Int+3 Clar}
  5476 | D:6      | Found the +8 orange crystal plate armour {Archmagi, Int+3
                  | Clar}
  5588 | D:6      | Got the Vellum of Ashes
  5653 | D:6      | Found a glowing golden altar of the Shining One.
  5687 | D:6      | Reached XP level 9. HP: 66/66 MP: 9/9
  5770 | D:6      | Found a shadowy altar of Dithmenos.
  6080 | D:6      | Found an ornate altar of the Wu Jian Council.
  6088 | D:6      | Found a glowing silver altar of Zin.
  6089 | D:6      | Found a shimmering blue altar of Sif Muna.
  6198 | D:7      | Found a blossoming altar of Fedhas.
  6312 | D:7      | Reached ** piety under Hepliaklqana
  6313 | D:7      | Remembered your ancestor Leih as a battlemage
  6377 | D:7      | Found a large runed translucent door.
  6377 | D:7      | Found a large runed translucent door.
  6482 | D:7      | Noticed Ralffi009's ghost (novice DsGl)
  6497 | D:8      | Found Mamih's General Store.
  6500 | D:8      | Bought a scroll of blinking for 120 gold pieces
  6524 | D:8      | Found an iron altar of Okawaru.
  6524 | D:8      | Noticed Joseph
  6551 | D:8      | Noticed Psyche
  6594 | D:8      | Killed Psyche
  6656 | D:8      | Killed Joseph
  6756 | D:8      | Noticed Maurice
  6764 | D:8      | Maurice stole 262 gold
  6767 | D:8      | Noticed Pikel
  6772 | D:8      | Killed Maurice
  6777 | D:8      | Killed Pikel
  6778 | D:8      | Reached XP level 10. HP: 62/77 MP: 6/10
  6833 | D:8      | Found Mowo Igig's Distillery.
  6878 | D:8      | Bought a potion of curing for 45 gold pieces
  6878 | D:8      | Bought 2 potions of heal wounds for 150 gold pieces
  6878 | D:8      | Bought a potion of curing for 45 gold pieces
  7279 | D:9      | Reached skill level 1 in Invocations
  7303 | D:9      | Reached skill level 5 in Invocations
  7384 | D:9      | Noticed a purple ugly thing
  7388 | D:9      | Noticed a cyan ugly thing
  7392 | D:9      | Killed a purple ugly thing
  7411 | D:9      | Killed a purple ugly thing
  7587 | D:9      | Reached XP level 11. HP: 80/84 MP: 17/17
  7593 | D:9      | Reached skill level 15 in Axes
  7658 | D:9      | Identified the serpent talisman of the Pure Emperors
                  | {Will+}
  7658 | D:9      | Noticed a two-headed ogre
  7666 | D:9      | Killed a two-headed ogre
  7901 | D:9      | Noticed a two-headed ogre
  7912 | D:9      | Killed a two-headed ogre
  8030 | D:9      | Reached *** piety under Hepliaklqana
  8090 | D:9      | Noticed Erolcha
  8095 | D:9      | Killed Erolcha
  8258 | D:9      | Reached skill level 10 in Armour
  8293 | D:9      | Found a snail-covered altar of Cheibriados.
  8344 | D:9      | Found a staircase to the Lair.
  8704 | D:9      | Found an ancient bone altar of Kikubaaqudgha.
  8766 | D:10     | Entered Level 10 of the Dungeon
  8804 | D:10     | Noticed a two-headed ogre
  8811 | D:10     | Killed a two-headed ogre
  8850 | D:10     | Found a staircase to the Orcish Mines.
  9014 | D:10     | Found Piadwodu's Armour Emporium.
  9018 | D:10     | Bought a +2 pair of gloves for 181 gold pieces
  9107 | D:10     | Reached skill level 1 in Evocations
  9316 | D:10     | Reached **** piety under Hepliaklqana
  9406 | D:10     | Noticed a tengu warrior
  9413 | D:10     | Killed a tengu warrior
  9414 | D:10     | Reached XP level 12. HP: 92/92 MP: 18/18
  9495 | Lair:1   | Entered Level 1 of the Lair of Beasts
  9877 | Lair:1   | Noticed a catoblepas
  9904 | Lair:1   | Killed a catoblepas
 10094 | Lair:1   | Reached skill level 5 in Evocations
 10274 | Lair:1   | Reached skill level 10 in Fighting
 10583 | Lair:2   | Identified the ring of Fues {rPois MP+9 Slay+3}
 10618 | Lair:2   | Noticed a four-headed hydra
 10622 | Lair:2   | Killed a four-headed hydra
 10770 | Lair:2   | Found a staircase to the Snake Pit.
 10781 | Lair:2   | Reached skill level 5 in Shields
 11010 | Lair:2   | Reached ***** piety under Hepliaklqana
 11347 | Lair:3   | Noticed a boulder beetle
 11361 | Lair:3   | Killed a boulder beetle
 11362 | Lair:3   | Reached XP level 13. HP: 94/106 MP: 19/19
 11559 | Lair:3   | Identified the +6 war axe "Zoeneup" {heavy, rN++ Int+2 SInv
                  | Stlth-}
 11680 | Lair:3   | Acquired the ring "Agoanlib" {*Corrode rPois rN+++ Slay+6
                  | Stlth-}
 11777 | Lair:3   | Found a staircase to the Swamp.
 12258 | Lair:4   | Noticed Snorg
 12266 | Lair:4   | Killed Snorg
 13109 | Lair:5   | Entered Level 5 of the Lair of Beasts
 13119 | Lair:5   | Identified the +5 chain mail of Ziagruw {-Cast rF+ rCorr
                  | Dex+2}
 13207 | Lair:5   | Reached skill level 10 in Invocations
 13240 | Lair:5   | Reached ****** piety under Hepliaklqana
 13523 | Lair:5   | Reached XP level 14. HP: 115/116 MP: 22/22
 13537 | Lair:5   | Identified the +6 morningstar "Ziurauho" {drain, Will+
                  | Int+2}
 13844 | Lair:5   | Found a staircase to the Slime Pits.
 13844 | Lair:5   | Found a viscous altar of Jiyva.
 14801 | D:12     | Found a roughly hewn altar of Beogh.
 15252 | D:13     | Found a roughly hewn altar of Beogh.
 15616 | D:13     | Found a portal to a secret trove of treasure.
 16389 | D:14     | Found a gate to the Vaults.
 16455 | D:14     | Reached skill level 15 in Fighting
 16507 | D:14     | Reached skill level 15 in Armour
 16786 | D:15     | Entered Level 15 of the Dungeon
 16809 | D:15     | Reached XP level 15. HP: 111/126 MP: 25/25
 16831 | D:15     | Found a stormy altar of Qazlal.
 17245 | D:15     | Noticed a tengu reaver
 17260 | D:15     | Killed a tengu reaver
 17261 | D:15     | Found a staircase to the Depths.
 17430 | D:15     | Found an iron altar of Okawaru.
 17680 | Orc:1    | Entered Level 1 of the Orcish Mines
 17697 | Orc:1    | Found a dark tunnel.
 17702 | Volcano  | Entered a volcano
 17976 | Orc:2    | Entered Level 2 of the Orcish Mines
 18187 | Orc:2    | Found a staircase to the Elven Halls.
 18611 | Orc:2    | Found Amaxim's Jewellery Emporium.
 18611 | Orc:2    | Found Baotsalu's Jewellery Boutique.
 18613 | Orc:2    | Found Epileis's Distillery.
 18613 | Orc:2    | Found Janur's Armour Boutique.
 18629 | Orc:2    | Bought a potion of heal wounds for 65 gold pieces
 18724 | Orc:1    | Noticed rigrig's ghost (journeyman HOMo)
 18725 | Orc:1    | Found a transporter.
 18746 | Orc:1    | Found a transporter.
 18760 | Orc:1    | Noticed Gastronok
 18774 | Orc:1    | Killed Gastronok
 18934 | Orc:1    | Learned a level 1 spell: Apportation
 18976 | Orc:1    | Learned a level 2 spell: Blink
 19090 | Snake:1  | Entered Level 1 of the Snake Pit
 19151 | Snake:1  | Found Berghyxar's Weapon Shop.
 19292 | Snake:1  | Reached XP level 16. HP: 80/141 MP: 12/26
 20378 | Snake:2  | Found Pewu's Jewellery Shoppe.
 20380 | Snake:2  | Found Vuleuddo's Book Shop.
 20381 | Snake:2  | Found Ujeurat's Jewellery Shoppe.
 20430 | Snake:1  | HP: 1/144 [mana viper[a naga ritualist] (14)]
 20930 | Snake:2  | Identified the ring of Taedev {Wiz Dex+5}
 21182 | Snake:2  | Noticed Vashnia
 21238 | Snake:2  | Killed Vashnia
 21716 | Snake:3  | Found Otafeh's Magic Scroll Shoppe.
 22067 | Snake:3  | Reached XP level 17. HP: 151/153 MP: 27/27
 22850 | D:10     | Bought a +0 pair of boots for 49 gold pieces
 22986 | Swamp:1  | Entered Level 1 of the Swamp
 23171 | Swamp:1  | Noticed Donald
 23177 | Swamp:1  | Killed Donald
 23203 | Swamp:1  | Identified the +5 scale mail of the Ikuchi {Fly rC+ SInv}
 23211 | Swamp:1  | Noticed Kirke
 23218 | Swamp:1  | Killed Kirke
 23245 | Swamp:1  | Noticed Mlioglotl
 23262 | Swamp:1  | Killed Mlioglotl
 23805 | Swamp:2  | Found a glacial archway.
 23826 | IceCv    | Entered an ice cave
 24202 | IceCv    | Reached skill level 10 in Shields
 24281 | IceCv    | Reached skill level 15 in Invocations
 24514 | Swamp:2  | Noticed Roxanne
 24535 | Swamp:2  | Killed Roxanne
 24644 | Swamp:2  | Reached XP level 18. HP: 160/160 MP: 29/29
 24687 | Swamp:2  | You fall into a shaft and drop 1 floor!
 25589 | Swamp:4  | Entered Level 4 of the Swamp
 26281 | Swamp:4  | Noticed the 27-headed Lernaean hydra
 26292 | Swamp:4  | Killed the 27-headed Lernaean hydra
 26377 | Swamp:4  | Got a decaying rune of Zot
 26739 | Snake:4  | Entered Level 4 of the Snake Pit
 27017 | Snake:4  | Found a snail-covered altar of Cheibriados.
 27128 | Snake:4  | Identified the +8 chain mail of Atheism {Regen+}
 27853 | Snake:4  | Got a serpentine rune of Zot
 27991 | Snake:4  | Reached XP level 19. HP: 151/166 MP: 32/32
 28466 | Vaults:1 | Entered Level 1 of the Vaults
 29813 | Vaults:2 | Found Jiraun's Antique Weapon Boutique.
 29813 | Vaults:2 | Found Ownu Wud's Antique Weapon Boutique.
 29826 | Vaults:2 | Found Gaockuat's Antique Armour Boutique.
 29889 | Vaults:2 | Bought a jewelled war axe for 280 gold pieces
 29889 | Vaults:2 | Identified the +4 war axe "Dioff" {freeze, rCorr} (You
                  | bought it in a shop on level 2 of the Vaults)
 29903 | Vaults:2 | Bought the +3 pair of seven-league boots {Rampage+∞} for
                  | 1360 gold pieces
 29903 | Vaults:2 | Found the +3 pair of seven-league boots {Rampage+∞}
 30616 | Vaults:2 | Identified the +2 pair of boots of Tenacity {rPois rC+}
 30684 | Vaults:2 | Found a staircase to the Crypt.
 31122 | Vaults:3 | Noticed Margery
 31134 | Vaults:3 | Reached XP level 20. HP: 139/175 MP: 29/34
 31139 | Vaults:3 | Noticed Bai Suzhen
 31141 | Vaults:3 | Killed Margery
 31213 | Vaults:3 | Killed Bai Suzhen
 31680 | Vaults:3 | Reached skill level 15 in Shields
 31695 | Vaults:3 | Found the +5 glaive of the Guard {elec, spectral}
 33245 | Depths:1 | Entered Level 1 of the Depths
 33890 | Depths:1 | Reached XP level 21. HP: 172/186 MP: 35/35
 34093 | Depths:1 | Found a gateway to Hell.
 34647 | Depths:2 | Found a one-way gate to the infinite horrors of the Abyss.
 34681 | Depths:2 | Noticed a caustic shrike
 34694 | Depths:2 | Killed a caustic shrike
 34702 | Depths:2 | Noticed a juggernaut
 34928 | Depths:2 | You fall into a shaft and drop 1 floor!
 35221 | Depths:2 | Noticed a caustic shrike
 35228 | Depths:2 | Killed a caustic shrike
 35283 | Depths:2 | HP: 9/188 [tengu reaver/bolt of acid (52)]
 35284 | Depths:2 | Found a one-way gate leading to the halls of Pandemonium.
 35508 | Depths:2 | Noticed a caustic shrike
 35517 | Depths:2 | Killed a caustic shrike
 35625 | Depths:2 | Killed a juggernaut
 35627 | Depths:2 | Reached skill level 10 in Evocations
 35959 | Depths:2 | Identified the +5 mace of the Piercing Hero {venom, Dex+4}
 36012 | Depths:2 | Found the +3 pair of gauntlets of War {Slay+5}
 36190 | Depths:3 | Identified the ring of the Manifold Thickets {rF+ Int+6
                  | SInv}
 36313 | Depths:3 | Found Nitry's Antique Weapon Boutique.
 36349 | Depths:3 | Identified the ring "Mionoo Mite" {rCorr Str+6 Int+4}
 36429 | Depths:3 | Noticed Sojobo
 36444 | Depths:3 | Identified the ring of the Evening {Fly rPois Str+3}
 36750 | Elf:1    | Entered Level 1 of the Elven Halls
 36754 | Elf:1    | Paralysed by an air elemental for 1 turns
 36765 | Elf:1    | Reached XP level 22. HP: 188/195 MP: 36/36
 36783 | Elf:1    | Found Babb's Assorted Antiques.
 36800 | Elf:1    | Bought a potion of curing for 78 gold pieces
 36800 | Elf:1    | Bought a scroll of teleportation for 78 gold pieces
 36813 | Elf:1    | Paralysed by an air elemental for 1 turns
 36872 | Elf:1    | Found Meyxywk's Magic Scroll Emporium.
 36883 | Elf:1    | Bought a scroll of fear for 72 gold pieces
 37095 | Elf:1    | Found Egeich's Distillery.
 37124 | Elf:1    | Bought a potion of heal wounds for 70 gold pieces
 37124 | Elf:1    | Bought a potion of heal wounds for 70 gold pieces
 37124 | Elf:1    | Bought 2 potions of might for 112 gold pieces
 37464 | Elf:2    | Found Hiplod's General Store.
 37532 | Elf:2    | Found a flickering gateway to a bazaar.
 37533 | Elf:2    | Noticed Louise
 37542 | Elf:2    | Killed Louise
 37558 | Bazaar   | Entered a bazaar
 37558 | Bazaar   | Found Jekari's Distillery.
 37558 | Bazaar   | Found Hemoheb's General Store.
 37558 | Bazaar   | Found Baismuics's Book Shop.
 37560 | Bazaar   | Found Nixepp's Assorted Antiques.
 37560 | Bazaar   | Found Ydaomuok's Book Boutique.
 37568 | Bazaar   | Bought a scroll labelled UDALUTOSATT for 32 gold pieces
 37571 | Bazaar   | Bought a scroll of blinking for 60 gold pieces
 37574 | Bazaar   | Bought a potion of heal wounds for 35 gold pieces
 37574 | Bazaar   | Bought a potion of heal wounds for 35 gold pieces
 37574 | Bazaar   | Bought 2 potions of curing for 42 gold pieces
 37574 | Bazaar   | Bought a potion of resistance for 70 gold pieces
 37574 | Bazaar   | Bought a potion of resistance for 70 gold pieces
 37574 | Bazaar   | Bought a potion of haste for 70 gold pieces
 37580 | Bazaar   | Bought a manual of Shields for 1200 gold pieces
 37638 | Elf:2    | Found Ucligil's Jewellery Boutique.
 37835 | Elf:2    | Found a runed translucent gate.
 37835 | Elf:2    | Found a runed translucent gate.
 37835 | Elf:2    | Found a runed translucent gate.
 38038 | Elf:2    | Found Inawado's Magic Scroll Shop.
 38041 | Elf:2    | Bought a scroll of enchant weapon for 112 gold pieces
 38041 | Elf:2    | Bought a scroll of enchant armour for 112 gold pieces
 38449 | Elf:3    | Entered Level 3 of the Elven Halls
 38500 | Elf:3    | Identified the +3 robe "Weseps" {rElec Dex+2}
 38500 | Elf:3    | Noticed Boris
 38504 | Elf:3    | Found a shimmering blue altar of Sif Muna.
 38510 | Elf:3    | Killed Boris
 38570 | Elf:3    | Found Sounnal's Jewellery Shop.
 39063 | Elf:3    | Found a magical portal.
 39068 | WizLab   | Entered Cigotuvi's Fleshworks
 39246 | WizLab   | Got Cigotuvi's Catalogue of Caliginous Rubedo
 39247 | WizLab   | Identified the serpent talisman of Utzolium {*Corrode Int-4
                  | Dex+10 Stlth+}
 39254 | WizLab   | Identified the maw talisman of Hadjma {*Slow rF+++ rC+
                  | Slay+5}
 39621 | Elf:3    | Identified the +3 long sword "Falycw" {antimagic, *Slow
                  | rPois rF+ rCorr}
 39728 | Elf:3    | Identified the staff "Ruso Uro" {rPois Int+4 Dex+2 Alchemy}
 39737 | Elf:3    | Got the Discursus on the Numb Door
 39760 | Elf:3    | Got Sif Muna's Codex of Sparks
 39766 | Elf:3    | Got Sif Muna's Grimoire of Formation and Aeromancy
 39777 | Elf:3    | Got the Atlas of Kinetic Energy
 39793 | Elf:3    | Identified the +3 ring mail of Absence {MP+9 Str+5 Int+2
                  | Dex-3}
 39857 | Elf:3    | Identified the staff of Bodily Humours {rN+ Int+2 Dex+3
                  | SInv Necro}
 39941 | Elf:3    | Identified the +0 cloak "Oruz" {rElec rF+ rN+ Str+4}
 40622 | Crypt:1  | Entered Level 1 of the Crypt
 40625 | Crypt:1  | Noticed Xtahua
 40636 | Crypt:1  | Killed Xtahua
 40869 | Crypt:1  | Found a hide-covered altar of Uskayaw.
 40875 | Crypt:1  | Reached XP level 23. HP: 189/206 MP: 38/38
 41342 | Crypt:2  | Identified the orb of Past Mistakes {*channel, rElec Fire}
 41342 | Crypt:2  | Noticed Frederick
 41355 | Crypt:2  | Killed Frederick
 41471 | Crypt:2  | Found a runed translucent door.
 41471 | Crypt:2  | Noticed Uxkaico's ghost (veteran OnAl)
 41978 | Crypt:3  | Entered Level 3 of the Crypt
 41983 | Crypt:3  | Paralysed by a vampire knight for 2 turns
 42354 | Crypt:3  | Found a runed translucent door.
 42355 | Crypt:3  | Found a shimmering altar of Xom.
 42355 | Crypt:3  | Noticed Fysokimp's ghost (adept DgNe)
 42518 | Crypt:3  | Noticed a curse toe
 42817 | Crypt:3  | Found a staircase to the Tomb.
 42997 | Crypt:3  | Noticed an ancient lich
 42997 | Crypt:3  | Noticed a dread lich
 43005 | Crypt:3  | Killed an ancient lich
 43006 | Crypt:3  | Paralysed by something for 2 turns
 43008 | Crypt:3  | Killed a dread lich
 43012 | Crypt:3  | Killed a curse toe
 43014 | Crypt:3  | Noticed an ancient lich
 43014 | Crypt:3  | Noticed a dread lich
 43021 | Crypt:3  | Paralysed by a dread lich for 5 turns
 43027 | Crypt:3  | Killed an ancient lich
 43031 | Crypt:3  | Killed a dread lich
 43036 | Crypt:3  | Got the Papyrus of Necromancy
 43045 | Crypt:3  | Identified the +4 arbalest of the Ubiquitous God {drain,
                  | rN+ Str+3}
 43254 | Crypt:3  | Upgraded the game from 0.32-a0-290-g598725c5f2 to
                  | 0.32-a0-292-g751ec8d2e7
 43335 | Vaults:5 | Entered Level 5 of the Vaults
 43566 | Vaults:5 | Noticed an ancient lich
 43587 | Vaults:5 | Got the Folio of Maleficent Rituals and the Bonfire
 43588 | Vaults:5 | Identified the +1 robe of Benevolence {Dex+4}
 43687 | Vaults:5 | Reached XP level 24. HP: 216/216 MP: 39/39
 43693 | Vaults:5 | Identified the +8 chain mail "Dyhaump" {^Drain Str+2 Int+3}
 43694 | Vaults:5 | Identified the +3 fire dragon scales of Latischa {rElec
                  | rF++ rC- Will+++ rCorr Dex-4}
 43764 | Vaults:5 | Reached skill level 15 in Evocations
 43799 | Vaults:5 | Killed an ancient lich
 44007 | Vaults:5 | Noticed a dread lich
 44023 | Vaults:5 | Killed a dread lich
 44131 | Vaults:5 | Noticed a dread lich
 44140 | Vaults:5 | Killed a dread lich
 44373 | Vaults:5 | Identified the +1 robe of Hiel {Int+3}
 44375 | Vaults:5 | Got a silver rune of Zot
 44697 | Vaults:5 | Got the Almanac of Flame
 44839 | Vaults:5 | Noticed a dread lich
 44851 | Vaults:5 | Killed a dread lich
 45466 | Depths:3 | Paralysed by an air elemental for 1 turns
 45474 | Depths:3 | Killed Sojobo
 45560 | Depths:3 | Found a transporter.
 45580 | Depths:3 | Found a one-way gateway to a ziggurat.
 45886 | Elf:3    | Bought the ring of the Hare {EV+10} for 2048 gold pieces
 45886 | Elf:3    | Found the ring of the Hare {EV+10}
 46201 | Depths:3 | Identified the +4 ring mail "Bucvux" {rPois rF+ rN+ Will+
                  | Stlth+}
 46281 | Depths:3 | Found a transporter.
 46289 | Depths:3 | Paralysed by a vampire knight for 2 turns
 46350 | Depths:3 | Identified the +0 chain mail of Lif Idan {rPois Stlth+}
 46374 | Depths:3 | Got the Anthology of Flamy Fate
 46477 | Depths:4 | Entered Level 4 of the Depths
 46492 | Depths:4 | Reached XP level 25. HP: 225/225 MP: 39/39
 46531 | Depths:4 | Found Yddo's Assorted Antiques.
 46535 | Depths:4 | Bought a scroll of teleportation for 87 gold pieces
 46535 | Depths:4 | Bought a potion of ambrosia for 232 gold pieces
 46554 | Depths:4 | Identified the death talisman "Qanemoi" {rF+ Will+ Dex-3}
 46842 | Depths:4 | Identified the +2 helmet of Valour {-Cast rElec Regen+
                  | Str+3}
 46994 | Depths:4 | Found a gate to the Realm of Zot.
 47165 | Depths:4 | Identified the +2 robe of Zewk {-Cast rPois Will++ SInv}
 47172 | Depths:4 | Found a radiant altar of Vehumet.
 47179 | Depths:4 | Identified the +2 hat "Iggefaod" {rElec Dex+3}
 47498 | Zot:1    | Entered Level 1 of the Realm of Zot
 47697 | Zot:1    | Noticed an orb of fire
 47708 | Zot:1    | Killed an orb of fire
 47748 | Zot:1    | Identified the +1 ring mail of the Poles {Str+5}
 47854 | Zot:1    | Identified the +2 leather armour of the Wumpus {Fly}
 48766 | Zot:2    | Found a transporter.
 49489 | Zot:3    | Noticed a Killer Klown
 49669 | Zot:3    | Killed a Killer Klown
 49838 | Zot:3    | Identified the +0 helmet "Xianass" {Regen+ Dex+2}
 49932 | Zot:3    | Reached XP level 26. HP: 200/237 MP: 40/40
 50025 | Zot:3    | Found a runed translucent door.
 50026 | Zot:3    | Found a shimmering altar of Xom.
 50026 | Zot:3    | Noticed Doopoh's ghost (master OnFi)
 50547 | Zot:4    | Reached skill level 27 in Invocations
 51524 | Zot:4    | Identified the +0 pair of boots "Fonomm" {Rampage rN+ MP+9
                  | Str-5}
 51804 | Zot:5    | Entered Level 5 of the Realm of Zot
 51805 | Zot:5    | Noticed Ganeol's ghost (legendary MiBe)
 51805 | Zot:5    | Found a transporter.
 51820 | Zot:5    | Found a transporter.
 51823 | Zot:5    | Found a transporter.
 51868 | Zot:5    | Found a runed translucent door.
 51963 | Zot:5    | Found a transporter.
 51966 | Zot:5    | Found a transporter.
 51988 | Zot:5    | Found a transporter.
 52310 | Zot:5    | Reached skill level 27 in Fighting
 52324 | Zot:5    | Reached skill level 27 in Armour
 52343 | Zot:5    | Noticed a dread lich
 52351 | Zot:5    | Killed a dread lich
 52562 | Zot:5    | Noticed an orb of fire
 52563 | Zot:5    | Gained mutation: Your flesh is heat resistant. (rF+) [an
                  | orb of fire]
 52565 | Zot:5    | Noticed an orb of fire
 52574 | Zot:5    | Noticed an orb of fire
 52576 | Zot:5    | Noticed an orb of fire
 52580 | Zot:5    | Killed an orb of fire
 52584 | Zot:5    | Gained mutation: You are clumsy. (Dex -2) [an orb of fire]
 52591 | Zot:5    | Gained mutation: You sometimes lose your temper in combat.
                  | [an orb of fire]
 52598 | Zot:5    | Gained mutation: Your body sometimes deteriorates upon
                  | taking damage. [an orb of fire]
 52599 | Zot:5    | Killed an orb of fire
 52599 | Zot:5    | Killed an orb of fire
 52602 | Zot:5    | Killed an orb of fire
 52617 | Zot:5    | Noticed an ancient lich
 52633 | Zot:5    | Killed an ancient lich
 52689 | Zot:5    | Noticed an orb of fire
 52691 | Zot:5    | Noticed an orb of fire
 52691 | Zot:5    | Noticed an orb of fire
 52695 | Zot:5    | Killed an orb of fire
 52695 | Zot:5    | Noticed an orb of fire
 52707 | Zot:5    | Killed an orb of fire
 52709 | Zot:5    | Killed an orb of fire
 52713 | Zot:5    | Killed an orb of fire
 52720 | Zot:5    | Reached XP level 27. HP: 203/245 MP: 40/40
 52888 | Zot:5    | Found a transporter.
 52889 | Zot:5    | Found a transporter.
 52913 | Zot:5    | Found a transporter.
 52916 | Zot:5    | Found a transporter.
 53047 | Zot:5    | Found a transporter.
 53047 | Zot:5    | Found a transporter.
 53078 | Zot:5    | Found a runed translucent door.
 53379 | Zot:5    | Got the Orb of Zot
 53469 | Zot:4    | Noticed Gosecoc the pandemonium lord
 53476 | Zot:4    | Killed Gosecoc the pandemonium lord
 53544 | Zot:4    | Noticed Laafeff the pandemonium lord
 53553 | Zot:4    | Killed Laafeff the pandemonium lord
 53983 | D:4      | Noticed Pill the pandemonium lord
 54168 | D:$      | Escaped with the Orb!

Illustrated notes

Levels and vault maps discovered:
D:1:      lightli_arrival_lavapool, layout_basic, minmay_misc_feat_rugged,
          wad_floor_pattern_untrapped
D:2:      cheibrodos_greedy_goblins, layout_basic, uniq_natasha
D:3:      layout_basic
D:4:      minmay_inner_zag, layout_loops_corners, temple_statues, serial_shops,
          nicolae_shop_trees, roderic_roman_lattice, minmay_box_of_dots
D:5:      old_forge, layout_loops_ring, ebering_ghost_sewer_d,
          portal_sewer_entry_f
D:6:      layout_loops_ring, tso_altar, mainiacjoe_overflow_tiny_flanked,
          minitemple, nicolae_zen_rock_garden, amcnicky_mini_corridor_feature,
          minmay_misc_feat_nine_boxes, minivault_14
D:7:      layout_rooms, fedhas_altar_1, ebering_ghost_disaster_area
D:8:      layout_rooms, mainiacjoe_overflow_concentric_impassable, serial_shops,
          nicolae_shop_stone, eino_tiny_chamber, nicolae_stop_n_shop_2,
          lemuel_flamethrower_2, uniq_pikel, uniq_psyche, uniq_joseph,
          uniq_maurice
D:9:      minmay_imperfect_grid, layout_irregular_city,
          mainiacjoe_overflow_two_lobes, david_lair_generic,
          hangedman_decor_growths, kennysheep_generic_room_6, uniq_erolcha
D:10:     layout_big_octagon, hiddenorc1_lemuel, serial_gnoll_camp,
          gnoll_camp_mini_basic, gnoll_camp_medium_01, gnoll_camp_mini_sergeant,
          gnoll_camp_mini_hut, gnoll_camp_mini_hut, gnoll_camp_mini_shop
D:11:     layout_long_grid
D:12:     layout_roguey [special_room_orc]
D:13:     layout_roguey [special_room_orc], nicolae_trove_entry_crystal
D:14:     layout_loops_ring, hellmonk_vaults_order_and_chaos, nicolae_titane
D:15:     hellmonk_depths_entry_around_the_bend, layout_small_grid,
          okawaru_ov_weapons_minmay, grunt_qazlal_clouds
Temple:   nicolae_temple_figure_eight
Lair:1:   layout_regular_city, serial_bayou_shore_b
Lair:2:   layout_misc_corridors, minmay_snake_entry_six_corridors
Lair:3:   dreamdust_cave_troll, layout_regular_city,
          nicolae_swamp_entry_splash_gauntlet, minivault_24, beast_lair_carwin_7
Lair:4:   layout_layer_cave, uniq_snorg
Lair:5:   due_jungle_book, layout_big_grid, slime_entry_1
Swamp:1:  layout_falls_marsh, evilmike_swamp_ruin_house_4,
          beargit_elvish_explorers, uniq_mlioglotl, uniq_donald, uniq_kirke
Swamp:2:  layout_basic_swamp, portal_ice_cave_entry_pillars_1,
          evilmike_swamp_ruin_house_3, nicolae_swamp_bloodsuckers_inc,
          uniq_roxanne
Swamp:3:  layout_falls_marsh, evilmike_swamp_ruin_house_6, swamp_pool_1_2,
          nicolae_swamp_tree_isthmus
Swamp:4:  swamp_vile, layout_basic_swamp
Snake:1:  layout_onion_interference, serial_shops,
          nicolae_shop_tiny_statue_garden, grunt_megastairs_4,
          serial_bayou_shore_a
Snake:2:  layout_grid_shapes, serial_bayou_shore_b, minmay_shop_grove,
          uniq_vashnia
Snake:3:  layout_misc_corridors, serial_shops, nicolae_shop_crystal,
          nicolae_snake_snake_lake
Snake:4:  johnstein_snake_rune_scales, layout_layer_cave, lemuel_oklob_altar
Orc:1:    layout_caves, gammafunk_ghost_arena, enter_volcano_4, basic_altar,
          uniq_gastronok
Orc:2:    grunt_orc_tribal_feast, layout_caves
Elf:1:    eino_elf_arrival_shootout, layout_loops_cross, serial_shops,
          shop_scrolls, shop, shop, kennysheep_underground_church,
          hangedman_elf_disciples
Elf:2:    nicolae_elf_blades_crystal_corner, layout_gridlike, serial_shops,
          bzr_entry_lakeside, nicolae_shop_rolling_square,
          nicolae_shop_rolled_up, nicolae_stop_n_shop_1, uniq_louise
Elf:3:    minmay_elf_hall_not_hex, layout_onion_city, serial_shops,
          nicolae_shop_gaudy_bauble, infiniplex_enter_wizlab_spiral,
          basic_altar, grunt_megastairs_3, uniq_boris
Vaults:1: nicolae_vaults_specimen_jars, hangedman_vaults_nodes,
          nicolae_vaults_asterisk, nicolae_vaults_trapezoid_lopsided_3,
          nicolae_vaults_house_1, nicolae_vaults_hexular_roomagon,
          dpeg_vaults_monster_row, hangedman_vaults_corner_blocks,
          nicolae_vaults_diamond_2, hangedman_vaults_maws,
          layout_vaults_quadrants
Vaults:2: nicolae_vaults_swerve, nicolae_vaults_offset_grid_hallway_4,
          v_pattern_2, ontoclasm_vaults_chip,
          nicolae_vaults_doubleplus_tesselated,
          hangedman_vaults_hard_town_square, v_misc_29,
          minmay_crypt_entry_simple_walls, nicolae_vaults_layer_cake_slice,
          vaults_room_fancy_cross, hangedman_vaults_trim, layout_vaults_ring
Vaults:3: minmay_orc_keep, nicolae_vaults_prndl, hangedman_vaults_stitches,
          vaults_room_grunt_arrival_ludios, nicolae_vaults_trapezoid_layered,
          hangedman_vaults_hat, ontoclasm_vaults_eye,
          nicolae_vaults_storage_room_doors, minmay_guarded_unrand_guard_vaults,
          v_misc_3, nicolae_vaults_offset_grid_hallway_3,
          nicolae_vaults_little_squares_3, nicolae_vaults_trapezoid_lopsided_3,
          layout_vaults_omnibox, uniq_bai_suzhen, uniq_margery
Vaults:4: v_misc_25, nicolae_vaults_mitosis, vaults_dpeg_cross,
          nicolae_vaults_hallways_thing, hangedman_vaults_nails,
          ontoclasm_vaults_misaligned, nicolae_vaults_three_branches,
          nicolae_vaults_closet_pinwheel_2, nicolae_vaults_storage_room_glass,
          nicolae_vaults_border_crossing, nicolae_vaults_tetromino_Z_1,
          nicolae_vaults_network_periphery, nicolae_vaults_double_plus_2,
          vaults_room_grid, layout_vaults_maze
Vaults:5
Crypt:1:  layout_misc_corridors, minivault_5, nicolae_danse_macabre, uniq_xtahua
Crypt:2:  tekkud_devil_daggers, layout_chaotic_city,
          hellmonk_ghost_happy_afterlife, uniq_frederick
Crypt:3:  david_glass_crypt, layout_rooms,
          nicolae_tomb_entry_unfolded_pyramid_diagonal, ebering_ghost_xom,
          nicolae_crypt_crumbling_hall, minmay_misc_feat_ornament,
          hex_intersection
Depths:1: layout_honeycomb, grunt_hell_entry_dis_grunt, nicolae_benzene_ring,
          hangedman_corner_corridor, serial_bayou_shore_b
Depths:2: minmay_dotted_concentric_squares, layout_basic, hell_entry,
          abyss_entry, pan_entry, hangedman_aviary,
          infiniplex_staircase_zigzag_1
Depths:3: hangedman_spin_cycle, abyss_entry, hell_entry
Depths:4: grunt_zot_entry_alcove, layout_gridlike, hell_entry, abyss_entry,
          minmay_crystal_room, grunt_tower_of_power, minmay_shop_star
Zot:1:    layout_misc_corridors, regret_index_zotdec_glowing_original
Zot:2:    layout_concentric_octagons, nicolae_diode_basic
Zot:3:    layout_onion_interference, ebering_ghost_xom, grunt_megastairs_5
Zot:4:    minmay_elemental_castle, layout_basic, st_stairs_10
Zot:5:    layout_twisted_circle, gammafunk_ghost_grave, serial_nicolae_subway,
          nicolae_sub_station_stone, nicolae_sub_station_crystal,
          nicolae_sub_station_metal

Skill      XL: |  1  2  3  4  5  6  7  8  9 10 11 12 13 14 15 16 17 18 19 20 21 22 23 24 25 26 27 |
---------------+----------------------------------------------------------------------------------+-----
Axes           | 3 4 5 6 7 9 11 12 13 14 16 18 | 18.0
Fighting       | 5 7 8 12 13 15 17 20 22 23 24 25 26 27 | 27.0
Armour         | 5 7 8 12 13 15 16 17 20 22 23 24 25 26 27 | 27.0
Invocations    | 8 11 13 14 15 18 20 21 22 24 25 26 27 | 27.0
Evocations     | 2 5 8 10 12 14 16 18 20 | 20.5
Shields        | 7 9 10 13 14 16 17 22 23 | 23.0

Action                     |  1- 3 |  4- 6 |  7- 9 | 10-12 | 13-15 | 16-18 | 19-21 | 22-24 | 25-27 || total
---------------------------+-------+-------+-------+-------+-------+-------+-------+-------+-------++-------
  Melee: War axe           |    89 |   150 |   269 |   418 |   657 |     7 |       |       |       ||  1590
         Trident           |       |       |       |     2 |       |       |       |       |       ||     2
         Morningstar       |       |       |       |       |    13 |    14 |       |       |       ||    27
         Broad axe         |       |       |       |       |       |   874 |  1056 |  1054 |   815 ||  3799
 Invoke: Ancestor Identity |       |       |     1 |       |       |       |       |       |       ||     1
         Ancestor Life: Ba |       |       |     1 |       |       |       |       |       |       ||     1
         Recall Ancestor   |       |       |       |       |     2 |     7 |     5 |     3 |     4 ||    21
         Idealise          |       |       |       |       |       |     1 |     2 |     2 |     2 ||     7
         Transference      |       |       |       |       |       |       |       |       |     1 ||     1
  Evoke: Wand              |       |       |       |       |       |    11 |       |     1 |       ||    12
         Tin of tremorston |       |       |       |       |       |     4 |     1 |       |     2 ||     7
         Phantom mirror    |       |       |       |       |       |     2 |       |       |     2 ||     4
         Sack of spiders   |       |       |       |       |       |       |       |       |     1 ||     1
    Use: Scroll            |       |     4 |     7 |    11 |     7 |    12 |    11 |    16 |    10 ||    78
         Potion            |       |       |       |       |       |    12 |     7 |     4 |    12 ||    35
   Stab: Distracted        |       |       |       |     6 |     9 |    13 |    16 |    21 |    12 ||    77
 Armour: Scale mail        |    52 |    91 |   131 |       |       |       |       |       |       ||   274
         Crystal plate arm |       |       |    73 |   395 |   696 |  1060 |  1002 |   865 |   651 ||  4742
  Dodge: Dodged            |    37 |    55 |    98 |    72 |    97 |   194 |   184 |   192 |   334 ||  1263
  Block: Buckler           |    15 |    35 |    47 |    39 |       |       |       |       |       ||   136
         Kite shield       |       |       |       |    69 |   417 |   591 |   628 |   759 |   547 ||  3011

Table legend: (Time is in decaauts)
 A = Elapsed time spent in this place.
 B = Non-inter-level travel time spent in this place.
 C = Inter-level travel time spent in this place.
 D = Time resting spent in this place.
 E = Time spent auto-exploring this place.
 F = Levels seen in this place.
 G = Mean time per level.
                   A        B        C        D        E       F      G
               +--------+--------+--------+--------+--------+-----+--------+
         Total |  53690 |  48463 |   5227 |   6802 |  28645 |  56 |  958.8 |
       Dungeon |  14449 |  12263 |   2186 |   1142 |   8258 |  15 |  963.3 |
        Temple |     42 |      2 |     40 |      0 |      0 |   1 |   42.0 |
          Lair |   4481 |   4045 |    436 |    109 |   3098 |   5 |  896.2 |
         Swamp |   3257 |   3073 |    184 |    432 |   1817 |   4 |  814.2 |
     Snake Pit |   5285 |   4956 |    329 |   1264 |   2343 |   4 | 1321.2 |
  Orcish Mines |   1257 |   1006 |    251 |    131 |    591 |   2 |  628.5 |
   Elven Halls |   3378 |   3002 |    376 |    209 |   1846 |   3 | 1126.0 |
        Vaults |   6687 |   6121 |    566 |    532 |   3860 |   5 | 1337.4 |
         Crypt |   2617 |   2493 |    124 |    414 |   1443 |   3 |  872.3 |
        Depths |   4932 |   4650 |    282 |   1314 |   1959 |   4 | 1233.0 |
           Zot |   5936 |   5488 |    448 |   1018 |   3017 |   5 | 1187.2 |
        Bazaar |     58 |     58 |      0 |      0 |     17 |   1 |   58.0 |
         Sewer |    220 |    220 |      0 |      0 |    100 |   1 |  220.0 |
      Ice Cave |    608 |    608 |      0 |    195 |    134 |   1 |  608.0 |
       Volcano |    196 |    196 |      0 |     35 |     10 |   1 |  196.0 |
        Wizlab |    279 |    279 |      0 |      5 |    147 |   1 |  279.0 |
               +--------+--------+--------+--------+--------+-----+--------+

Top non-repeatable levels by time:
 Snake:1: 1837 daAuts
Vaults:5: 1828 daAuts
   Zot:4: 1740 daAuts
     D:9: 1647 daAuts
     D:2: 1590 daAuts
   Zot:5: 1568 daAuts
Depths:1: 1542 daAuts
 Snake:4: 1494 daAuts
Vaults:2: 1488 daAuts
   Elf:3: 1406 daAuts
Depths:2: 1290 daAuts
Vaults:1: 1220 daAuts
Vaults:3: 1158 daAuts
    D:13: 1118 daAuts
     D:5: 1107 daAuts
